[Event "Titled Tuesday Blitz August 15 Late 2023"]
[White "Grigoriants, Sergey"]
[Black "Nakamura, Hikaru"]
[WhiteFideId "4130804"]
[BlackFideId "2016192"]
[WhiteElo "2971"]
[BlackElo "3222"]
[Result "1-0"]
[Round "9"]
[TimeControl "180+1"]
[Date "2023.08.15"]
[WhiteClock "0:00:06"]
[BlackClock "0:00:20"]
[Board "3"]

1. d4 a6 2. e4 c6 3. Bd3 d5 4. e5 g6 5. c3 Qc7 6. h3 c5 7. Nf3 Nc6 8. O-O e6 9. a3 c4 10. Bc2 h6 11. h4 Na5 12. h5 g5 13. Nh2 Bd7 14. f4 gxf4 15. Bxf4 O-O-O 16. Nd2 Ne7 17. Ng4 Qb6 18. Rb1 Kb8 19. Kh2 Ka8 20. Rf3 Bg7 21. Nf1 Nf5 22. Nfe3 Nxe3 23. Bxe3 Rdf8 24. Nf6 Bc8 25. Qf1 Nc6 26. Rg3 Bxf6 27. Qxf6 Qc7 28. Rf1 Nb8 29. Rg7 Nd7 30. Qe7 Re8 31. Qd6 Qd8 32. g3 Ref8 33. Rfxf7 Rxf7 34. Rxf7 Qg8 35. Qxe6 Nc5 36. Qg6 Nd3 37. Qxg8 Rxg8 38. Bxh6 Rh8 39. Rf8 Rxh6 40. Rxc8+ Ka7 41. g4 Rb6 42. Kg3 Rxb2 43. h6 Rxc2 44. h7 Rxc3 45. h8=Q Nxe5+ 46. Kf2 Rc2+ 47. Ke3 Rc3+ 48. Kd2 Rd3+ 49. Kc2 Nf3 50. Ra8+ Kb6 51. Qd8+ Kb5 52. Qxd5+ Kb6 53. Qc5# 1-0


[Site "https://www.chess.com"]

[Event "Titled Tuesday Blitz August 15 Late 2023"]
[White "Drygalov, Sergey"]
[Black "Vachier-Lagrave, Maxime"]
[WhiteFideId "24171743"]
[BlackFideId "623539"]
[WhiteElo "2971"]
[BlackElo "3120"]
[Result "0-1"]
[Round "9"]
[TimeControl "180+1"]
[Date "2023.08.15"]
[WhiteClock "0:00:01"]
[BlackClock "0:00:29"]
[Board "4"]

1. e4 c5 2. Nf3 d6 3. d4 cxd4 4. Nxd4 Nf6 5. Nc3 a6 6. Be2 e5 7. Nf3 Be7 8. Bg5 Nbd7 9. a4 h6 10. Be3 Ng4 11. Bc1 Ngf6 12. Be3 Qc7 13. Nd2 Nc5 14. a5 Be6 15. Bf3 Qc6 16. O-O Rc8 17. Re1 O-O 18. Nf1 Ncxe4 19. Nxe4 Nxe4 20. Bxh6 f5 21. Bc1 Qxc2 22. Qxc2 Rxc2 23. Ne3 Rxf2 24. Nxf5 Bxf5 25. Rxe4 Bxe4 26. Kxf2 Bc6 27. Kg3 d5 28. Bg4 Bd6 29. h4 e4+ 30. Kh3 Rf1 31. Be6+ Kh7 32. Kg4 d4 33. Bf5+ g6 34. Be6 e3 35. Bc4 Bd7+ 0-1


[Site "https://www.chess.com"]

[Event "Titled Tuesday Blitz August 15 Late 2023"]
[White "Kazakouski, Valery"]
[Black "Bortnyk, Olexandr"]
[WhiteFideId "13507443"]
[BlackFideId "14120828"]
[WhiteElo "2943"]
[BlackElo "3085"]
[Result "0-1"]
[Round "9"]
[TimeControl "180+1"]
[Date "2023.08.15"]
[WhiteClock "0:00:23"]
[BlackClock "0:01:56"]
[Board "5"]

1. Nf3 Nf6 2. c4 b6 3. g3 Bb7 4. Bg2 g6 5. O-O Bg7 6. d4 O-O 7. d5 Na6 8. Nd4 Nc5 9. b4 Nce4 10. Bb2 c5 11. dxc6 dxc6 12. Nb3 Qxd1 13. Rxd1 Nxf2 14. Rf1 N2g4 15. b5 Rac8 16. Bf3 Ne3 17. Rc1 Ba8 18. N1d2 Rfd8 19. a4 c5 20. a5 Bxf3 21. exf3 Rd3 22. axb6 axb6 23. Ra6 Rcd8 24. Rxb6 Nd7 0-1


[Site "https://www.chess.com"]

[Event "Titled Tuesday Blitz August 15 Late 2023"]
[White "Sadhwani, Raunak"]
[Black "Keymer, Vincent"]
[WhiteFideId "35093487"]
[BlackFideId "12940690"]
[WhiteElo "3025"]
[BlackElo "2953"]
[Result "1/2-1/2"]
[Round "9"]
[TimeControl "180+1"]
[Date "2023.08.15"]
[WhiteClock "0:00:10"]
[BlackClock "0:00:08"]
[Board "6"]

1. e4 c6 2. d3 d5 3. Nd2 e5 4. Ngf3 Bd6 5. g3 Nf6 6. Bg2 O-O 7. O-O Re8 8. Re1 Nbd7 9. h3 h6 10. Nh4 Nf8 11. Nf1 a5 12. a3 Be6 13. Qf3 dxe4 14. dxe4 Ng6 15. Nf5 Bc5 16. Be3 Bxe3 17. N1xe3 Kh7 18. h4 Ne7 19. Rad1 Qc7 20. Bh3 Rad8 21. Kh2 Nxf5 22. Bxf5+ Bxf5 23. Qxf5+ Kg8 24. a4 Qb6 25. b3 Qc5 26. Kg2 Qc3 27. Qf3 h5 28. Rxd8 Rxd8 29. Rd1 Rd4 30. Rxd4 exd4 31. Nf5 Qxc2 32. e5 Ng4 33. Nxd4 Qb2 34. e6 Qxd4 35. Qxf7+ Kh7 36. Qxh5+ Nh6 37. Qe2 Qd8 38. Qe5 Kg8 39. g4 Qd5+ 40. Qxd5 cxd5 41. Kg3 Kf8 42. Kf4 Ke7 43. g5 Ng8 44. Ke5 d4 45. Kxd4 Kxe6 46. Kc5 Kf5 47. Kb6 Ne7 48. Kxb7 Kg4 49. Kb6 Kxh4 50. Kxa5 Kxg5 51. Kb5 Kf4 52. a5 Kf3 53. a6 Nc8 54. Kc6 Kxf2 55. Kc7 Na7 56. Kb7 Nb5 57. Kb6 Nd6 58. b4 g5 59. Kc6 Nc8 60. Kc7 Na7 61. Kb7 Nb5 62. Kb6 Nd6 63. b5 g4 64. Kc6 Nxb5 65. Kxb5 g3 66. a7 g2 67. a8=Q g1=Q 68. Qa7+ Kg2 69. Qxg1+ Kxg1 1/2-1/2


[Site "https://www.chess.com"]

[Event "Titled Tuesday Blitz August 15 Late 2023"]
[White "Deac, Bogdan-Daniel"]
[Black "Xiong, Jeffery"]
[WhiteFideId "1226380"]
[BlackFideId "2047640"]
[WhiteElo "2999"]
[BlackElo "2989"]
[Result "1-0"]
[Round "9"]
[TimeControl "180+1"]
[Date "2023.08.15"]
[WhiteClock "0:00:05"]
[BlackClock "0:00:02"]
[Board "7"]

1. e4 e6 2. Qe2 c5 3. Nf3 Nc6 4. c3 e5 5. Qe3 Nf6 6. Bc4 Be7 7. d3 O-O 8. O-O a6 9. a4 d6 10. Qe2 h6 11. Na3 Na5 12. Ba2 Bd7 13. b4 cxb4 14. cxb4 Nc6 15. Bd2 Bg4 16. Nc2 Qd7 17. Bc4 Nd8 18. Ne3 Bh5 19. Nf5 Ne6 20. Be3 Rfe8 21. Ng3 Bxf3 22. Qxf3 Nc7 23. Nf5 d5 24. Bb3 dxe4 25. dxe4 Qd3 26. Qg3 Nh5 27. Nxh6+ Kf8 28. Qf3 Qxb3 29. Qxh5 Qe6 30. Nf5 Kg8 31. Qg4 Bf8 32. Rfc1 Rac8 33. b5 axb5 34. axb5 Nxb5 35. Rxc8 Rxc8 36. Nh6+ Kh7 37. Qxe6 fxe6 38. Nf7 Bd6 39. Ng5+ Kg6 40. Nxe6 Be7 41. h4 Rc6 42. Ng5 Bxg5 43. Bxg5 Nc3 44. f3 b5 45. Ra7 b4 46. Rb7 Na2 47. Be7 Rc4 48. Bf8 Kh5 49. g3 g5 50. hxg5 Kxg5 51. Kg2 Rc2+ 52. Kh3 Rc3 53. Be7+ Kg6 54. Kg4 Rc4 55. Rb6+ Kf7 56. Bd6 Nc1 57. Rxb4 Rc6 58. Bxe5 Nd3 59. Rb7+ Ke6 60. Bf4 Nf2+ 61. Kh4 Nd3 62. Rh7 Rc2 63. Rh6+ Kf7 64. Kg4 Rc5 65. Kh3 Nf2+ 66. Kh4 Nd3 67. Ra6 Ne1 68. Ra7+ Ke6 69. Kg4 Rc8 70. Ra6+ Kf7 71. Ra5 Rg8+ 72. Rg5 Rc8 73. Rf5+ Ke6 74. Re5+ Kf6 75. Rd5 Rg8+ 76. Bg5+ Ke6 77. f4 Ng2 78. Rd3 Ne1 79. Rd5 Nc2 80. f5+ Kf7 81. Rd7+ 1-0


[Site "https://www.chess.com"]

[Event "Titled Tuesday Blitz August 15 Late 2023"]
[White "Ibarra Jerez, Jose Carlos"]
[Black "Kovalev, Vladislav"]
[WhiteFideId "2226332"]
[BlackFideId "13504398"]
[WhiteElo "2905"]
[BlackElo "2878"]
[Result "1/2-1/2"]
[Round "9"]
[TimeControl "180+1"]
[Date "2023.08.15"]
[WhiteClock "0:00:11"]
[BlackClock "0:00:21"]
[Board "8"]

1. e4 e5 2. Nf3 Nc6 3. Nc3 Nf6 4. h3 Bb4 5. Nd5 O-O 6. Nxb4 Nxb4 7. c3 Nc6 8. d3 Re8 9. Be2 d5 10. Qc2 a5 11. a4 b6 12. O-O Bb7 13. Bg5 h6 14. Bxf6 Qxf6 15. exd5 Ne7 16. c4 c6 17. dxc6 Nxc6 18. Rfe1 Rad8 19. Qc3 Nb4 20. Rad1 Re6 21. Nh2 Qg6 22. Bf3 Bxf3 23. Nxf3 Rxd3 24. Nxe5 Rxc3 25. Nxg6 Rxe1+ 26. Rxe1 Rxc4 27. Re8+ Kh7 28. Nf8+ Kg8 29. Nd7+ Kh7 30. Nf8+ Kg8 31. Ng6+ Kh7 32. Nf8+ 1/2-1/2


[Site "https://www.chess.com"]

[Event "Titled Tuesday Blitz August 15 Late 2023"]
[White "Rasulov, Vugar"]
[Black "Naroditsky, Daniel"]
[WhiteFideId "13402390"]
[BlackFideId "2026961"]
[WhiteElo "2894"]
[BlackElo "3149"]
[Result "1-0"]
[Round "9"]
[TimeControl "180+1"]
[Date "2023.08.15"]
[WhiteClock "0:00:14"]
[BlackClock "0:00:00"]
[Board "9"]

1. c4 g6 2. Nc3 Bg7 3. g3 d6 4. Bg2 Nf6 5. e3 O-O 6. Nge2 c5 7. O-O Nc6 8. d4 a6 9. b3 Rb8 10. Bb2 Bd7 11. Rc1 b5 12. cxb5 axb5 13. dxc5 dxc5 14. Nf4 c4 15. bxc4 bxc4 16. Ba1 Ne5 17. Ne4 Nxe4 18. Bxe4 Bb5 19. Bc3 Nd3 20. Nxd3 cxd3 21. Qd2 Bxc3 22. Rxc3 Qa5 23. Bxd3 Rfd8 24. Qc2 Bxd3 25. Rxd3 Rxd3 26. Qxd3 Qxa2 27. Qe4 e6 28. h4 h5 29. Rd1 Qe2 30. Qd4 Rb2 31. Rf1 Rd2 32. Qf6 Rd1 33. Rxd1 Qxd1+ 34. Kg2 Qd5+ 35. Qf3 Qd7 36. e4 Qd4 37. Qf4 Kg7 38. e5 Qd5+ 39. Kh2 Qd8 40. Qf3 Qd4 41. Qf6+ Kg8 42. Kg1 Qd1+ 43. Kg2 Qd5+ 44. Kh2 Qd4 45. Qf4 Qd5 46. Qe3 Qd7 47. Qe4 Qd2 48. Kg2 Qd7 49. Qf3 Kf8 50. Qe4 Ke7 51. Kf3 Kf8 52. Kf4 Kg7 53. Kf3 Qd1+ 54. Kg2 Qd8 55. Qf4 Qd5+ 56. Kh2 Kg8 57. Qe3 Kg7 58. f3 Qa2+ 59. Kg1 Qb1+ 60. Kf2 Qc2+ 61. Qe2 Qc5+ 62. Kg2 Qd5 63. Kh2 Kf8 64. g4 Qd4 65. Kg3 Qg1+ 66. Kf4 Qc1+ 67. Qe3 Qc7 68. gxh5 gxh5 69. Kg5 Qc2 70. Qe4 Qg2+ 71. Kxh5 Qg3 72. Kh6 Qg7+ 73. Kh5 Qg3 74. f4 Kg7 75. f5 exf5 76. Qxf5 Kf8 77. e6 Kg8 78. Qxf7+ Kh8 79. Qf6+ Kh7 80. Qh6+ Kg8 81. Qg6+ Qxg6+ 82. Kxg6 Kf8 83. Kf6 1-0


[Site "https://www.chess.com"]

[Event "Titled Tuesday Blitz August 15 Late 2023"]
[White "Dardha, Daniel"]
[Black "Grischuk, Alexander"]
[WhiteFideId "240990"]
[BlackFideId "4126025"]
[WhiteElo "2927"]
[BlackElo "3033"]
[Result "0-1"]
[Round "9"]
[TimeControl "180+1"]
[Date "2023.08.15"]
[WhiteClock "0:00:00"]
[BlackClock "0:00:11"]
[Board "10"]

1. e4 e5 2. a4 Nc6 3. Bb5 Bc5 4. Nf3 Nf6 5. Bxc6 dxc6 6. d3 Be6 7. h3 Qd6 8. Qe2 Nd7 9. Be3 O-O-O 10. Nc3 f6 11. a5 Kb8 12. Na4 Bb4+ 13. c3 Bxa5 14. b4 Bb6 15. Nxb6 Nxb6 16. Rd1 g5 17. Bc5 Qd7 18. d4 Bc4 19. Qc2 Qe6 20. Nd2 h5 21. Ra1 Rhe8 22. Kd1 exd4 23. cxd4 Bb5 24. Re1 a6 25. Re3 Nd7 26. d5 cxd5 27. Bd4 Ne5 28. Bxe5 Qxe5 29. Rc1 dxe4 30. Ke1 f5 31. g3 Bd3 32. Qb3 f4 33. gxf4 gxf4 34. Nc4 Bxc4 35. Qxc4 fxe3 0-1


[Site "https://www.chess.com"]

[Event "Titled Tuesday Blitz August 15 Late 2023"]
[White "Eljanov, Pavel"]
[Black "Shimanov, Aleksandr"]
[WhiteFideId "14102951"]
[BlackFideId "4198603"]
[WhiteElo "2917"]
[BlackElo "3029"]
[Result "1-0"]
[Round "9"]
[TimeControl "180+1"]
[Date "2023.08.15"]
[WhiteClock "0:00:19"]
[BlackClock "0:00:03"]
[Board "11"]

1. d4 d5 2. c4 dxc4 3. e4 Nf6 4. e5 Nd5 5. Bxc4 Nb6 6. Bd3 Nc6 7. Ne2 Nb4 8. Be4 f5 9. exf6 exf6 10. O-O c6 11. Nf4 g6 12. Nc3 Kf7 13. a3 Na6 14. Re1 Nc7 15. a4 Kg7 16. Qb3 Bd6 17. a5 Nd7 18. Bf3 Re8 19. Bd2 Nf8 20. Ne4 Bxf4 21. Bxf4 Nd5 22. Bg3 Ne6 23. Nd6 Re7 24. Bxd5 cxd5 25. Qxd5 Nc7 26. Rxe7+ Qxe7 27. Qc4 Be6 28. Re1 Qd7 29. Qb4 Bd5 30. h3 Ne6 31. Ne4 Re8 32. Nc3 Bc6 33. Rd1 Nc7 34. Bxc7 Qxc7 35. d5 Bd7 36. d6 Qc6 37. Qd4 b6 38. b4 bxa5 39. bxa5 a6 40. f3 Re5 41. Ne4 Qb5 42. Nxf6 Kxf6 43. f4 Ke6 44. Qxe5+ Qxe5 45. fxe5 Kxe5 46. Kf2 1-0


[Site "https://www.chess.com"]

[Event "Titled Tuesday Blitz August 15 Late 2023"]
[White "Moskalenko, Alexander"]
[Black "Bluebaum, Matthias"]
[WhiteFideId "4155351"]
[BlackFideId "24651516"]
[WhiteElo "2890"]
[BlackElo "3026"]
[Result "1/2-1/2"]
[Round "9"]
[TimeControl "180+1"]
[Date "2023.08.15"]
[WhiteClock "0:00:10"]
[BlackClock "0:00:19"]
[Board "12"]

1. c4 e6 2. Nf3 d5 3. g3 Nf6 4. Bg2 Nc6 5. O-O Bd6 6. d4 O-O 7. b3 dxc4 8. bxc4 e5 9. e3 Bg4 10. h3 Bh5 11. g4 Bg6 12. Nc3 Ne4 13. Bb2 Re8 14. c5 Bf8 15. Nxe4 Bxe4 16. Nxe5 Bxg2 17. Kxg2 Nxe5 18. dxe5 Bxc5 19. Qxd8 Raxd8 20. Rac1 b6 21. Bd4 Bxd4 22. exd4 Rxd4 23. Rxc7 Ra4 24. Rd1 g5 25. Rd5 Re6 26. Rdd7 Rf4 27. Rxa7 Rxe5 28. Rd2 Kg7 29. Rb7 Re6 30. Rb2 Ref6 31. Rb8 h6 32. R8xb6 Rxf2+ 33. Rxf2 Rxb6 34. a4 Ra6 35. Ra2 Kf6 36. a5 Ke5 37. Rf2 Ke4 38. Rf5 f6 39. Rb5 Rc6 40. Rb4+ Ke3 41. Ra4 Ra6 42. Kg3 Kd3 43. Kf3 Kc3 44. Ke4 Kb3 45. Ra1 Kb2 46. Rf1 Kc3 47. Kf5 Rxa5+ 48. Kxf6 Kd4 49. Kg7 Ra3 50. Kxh6 Rxh3+ 51. Kxg5 Rh8 52. Rf7 Ke5 53. Re7+ Kd6 54. Re1 Rg8+ 55. Kf5 Rf8+ 56. Kg5 Rg8+ 57. Kh4 Rh8+ 58. Kg3 Rg8 59. Re4 Kd5 60. Re3 Kd6 61. Re2 Kd5 62. Re1 Kd6 63. Re4 Kd5 64. Re7 Kd6 65. Rf7 Ke6 66. Rf4 Ke5 67. Rf5+ Ke6 68. Rf1 Ke5 69. Rf7 Ke6 70. Ra7 Kf6 71. Kf4 Rb8 72. Ra6+ Kg7 73. Kg5 Rb5+ 74. Kh4 Rc5 75. g5 Kg8 76. Kh5 Rc8 77. Kg6 Rb8 78. Re6 Rc8 79. Kf6 Rf8+ 80. Kg6 Ra8 81. Kh6 Rb8 82. g6 Ra8 83. g7 Rb8 84. Rf6 Rc8 85. Rd6 Rb8 86. Kg6 Rb6 87. Rf6 Rb8 88. Kh6 Ra8 89. Re6 Rb8 90. Kg6 Rb6 91. Rf6 Rb8 92. Rf8+ Rxf8 93. gxf8=Q+ Kxf8 1/2-1/2


[Site "https://www.chess.com"]

[Event "Titled Tuesday Blitz August 15 Late 2023"]
[White "Zierk, Steven"]
[Black "Martinez Alcantara, Jose Eduardo"]
[WhiteFideId "2034255"]
[BlackFideId "3805662"]
[WhiteElo "2867"]
[BlackElo "3004"]
[Result "0-1"]
[Round "9"]
[TimeControl "180+1"]
[Date "2023.08.15"]
[WhiteClock "0:00:50"]
[BlackClock "0:01:28"]
[Board "13"]

1. e4 c5 2. Nf3 d6 3. d4 cxd4 4. Nxd4 a6 5. c4 e6 6. Nc3 Nf6 7. Be2 b6 8. O-O Bb7 9. f3 Nbd7 10. Be3 Be7 11. Qd2 O-O 12. Rac1 Qb8 13. Rfd1 Rd8 14. Qe1 Qc7 15. b4 Rac8 16. Nb3 Qb8 17. a3 d5 18. exd5 exd5 19. cxd5 Bd6 20. g3 Re8 21. Qf2 Be5 22. Nd4 b5 23. Nc6 Bxc6 24. dxc6 Rxc6 25. Nd5 Rxc1 26. Bxc1 Nxd5 27. Rxd5 Nf6 28. Rd1 h5 29. Bg5 Qc8 30. f4 Ne4 31. Qf3 Bb8 32. Bd3 Ba7+ 33. Kg2 Nf2 34. Rf1 Qh3+ 35. Kg1 Nxd3+ 36. Kh1 Nf2+ 0-1


[Site "https://www.chess.com"]

[Event "Titled Tuesday Blitz August 15 Late 2023"]
[White "Kramnik, Vladimir"]
[Black "Klukin, Kirill"]
[WhiteFideId "4101588"]
[BlackFideId "24199273"]
[WhiteElo "2962"]
[BlackElo "2827"]
[Result "1/2-1/2"]
[Round "9"]
[TimeControl "180+1"]
[Date "2023.08.15"]
[WhiteClock "0:00:02"]
[BlackClock "0:00:09"]
[Board "14"]

1. c4 c5 2. g3 g6 3. Bg2 Bg7 4. Nc3 Nc6 5. d3 a6 6. Nf3 Rb8 7. O-O b5 8. cxb5 axb5 9. a4 bxa4 10. Rxa4 Nf6 11. Be3 d6 12. d4 cxd4 13. Nxd4 Nxd4 14. Bxd4 O-O 15. Qd2 Bb7 16. e4 Bc6 17. Ra7 Rb7 18. Ra6 Bb5 19. Nxb5 Rxb5 20. b4 Nd7 21. Bxg7 Kxg7 22. Qc3+ Kg8 23. Ra7 Ne5 24. Rb1 e6 25. Bf1 Rb8 26. b5 Qf6 27. f4 Nd7 28. Qxf6 Nxf6 29. Bg2 Rb6 30. Ra6 Rfb8 31. Rxb6 Rxb6 32. Kf2 Nd7 33. Ke3 Kf8 34. Bf1 Ke7 35. Ra1 Rb7 36. Ra6 Nc5 37. Ra8 h5 38. Kd4 Nd7 39. e5 Nb6 40. exd6+ Kxd6 41. Bg2 Nxa8 42. Bxb7 Nb6 43. Bc6 Nc8 44. h4 Nb6 45. Be8 Ke7 46. Kc5 Na4+ 47. Kb4 Nb6 48. Bc6 Kd6 49. Ka5 Nc4+ 50. Ka6 Kc7 51. Be8 Nd6 52. b6+ Kb8 53. Bc6 Nf5 54. Be8 Nxg3 55. Bxf7 Ne2 56. Bxg6 Nxf4 57. Bf7 e5 58. Kb5 Ng2 59. Kc5 Nxh4 60. Bxh5 Nf5 61. Kd5 Ne7+ 62. Kxe5 Nc8 63. Ke6 Nxb6 1/2-1/2


[Site "https://www.chess.com"]

[Event "Titled Tuesday Blitz August 15 Late 2023"]
[White "Djordjevic, Vuk"]
[Black "Elsa167"]
[WhiteFideId "902098"]
[WhiteElo "2716"]
[BlackElo "2942"]
[Result "0-1"]
[Round "9"]
[TimeControl "180+1"]
[Date "2023.08.15"]
[WhiteClock "0:00:00"]
[BlackClock "0:01:41"]
[Board "15"]

1. d4 e6 2. Nf3 Nf6 3. Bg5 c5 4. e3 cxd4 5. exd4 Be7 6. c3 b6 7. Bd3 Bb7 8. O-O d6 9. Nbd2 Nbd7 10. Qe2 a6 11. a4 O-O 12. Rfe1 Re8 13. Nf1 h6 14. Bd2 Bf8 15. Ng3 g6 16. Qd1 e5 17. Ne4 Nxe4 18. Rxe4 f5 19. Re2 e4 20. Ne1 exd3 21. Nxd3 Rxe2 22. Qxe2 Qe8 23. Qf1 Qf7 24. a5 b5 25. Nb4 Nf6 26. f3 Nd5 27. Nd3 Re8 28. Qf2 f4 29. Re1 g5 30. h4 Rxe1+ 31. Qxe1 Bc8 32. hxg5 hxg5 33. b3 Bf5 34. Qe2 Qe6 35. Qxe6+ Bxe6 36. c4 bxc4 37. bxc4 Ne3 38. Bxe3 fxe3 39. d5 Bf5 40. Nb4 Bg7 41. Kf1 Bc3 0-1


[Site "https://www.chess.com"]

[Event "Titled Tuesday Blitz August 15 Late 2023"]
[White "Schekachikhin, Maksim"]
[Black "Zhigalko, Sergei"]
[WhiteFideId "24177830"]
[BlackFideId "13502956"]
[WhiteElo "2599"]
[BlackElo "2931"]
[Result "1/2-1/2"]
[Round "9"]
[TimeControl "180+1"]
[Date "2023.08.15"]
[WhiteClock "0:00:09"]
[BlackClock "0:00:07"]
[Board "16"]

1. d4 Nf6 2. Nf3 e6 3. Bf4 b6 4. e3 Bb7 5. h3 Bd6 6. Bxd6 cxd6 7. Bd3 O-O 8. O-O d5 9. c4 dxc4 10. Bxc4 d6 11. Nc3 Nbd7 12. Rc1 a6 13. Bd3 b5 14. Qe2 Qb6 15. Nd2 Rac8 16. Nde4 h6 17. Nxf6+ Nxf6 18. a3 e5 19. dxe5 dxe5 20. Rfd1 Rfd8 21. Bf5 Rb8 22. Rxd8+ Rxd8 23. Rd1 Re8 24. Bb1 b4 25. axb4 Qxb4 26. Ba2 Qb6 27. Qc4 Re7 28. Na4 Qa5 29. Nc5 Bc6 30. b4 Qb6 31. Rd6 Qc7 32. Qd3 Bb5 33. Rd8+ Re8 34. Rxe8+ Nxe8 35. Qe4 Nf6 36. Qa8+ Kh7 37. Qf8 a5 38. Bxf7 axb4 39. Bb3 e4 40. g4 Qe5 41. Nb7 Nd7 42. Qd8 Qa1+ 43. Kg2 Qf6 44. Qxf6 Nxf6 45. Nd6 Bc6 46. Nc4 Bd5 47. Nd2 Bxb3 48. Nxb3 g5 49. f3 exf3+ 50. Kxf3 Kg6 51. e4 Nd7 52. Ke3 Kf6 53. Kd4 Ne5 54. Nc5 Ng6 55. Kd5 Nf4+ 56. Kd6 Kf7 57. e5 Kg6 58. e6 Kf6 59. Kd7 Nxe6 60. Nxe6 b3 61. Nc5 b2 62. Ne4+ Ke5 63. Nd2 Kf4 64. Ke6 Ke3 65. Nb1 Kf3 66. Kf5 Kg3 67. Kg6 Kxh3 68. Kh5 Kg3 69. Na3 Kf4 70. Nb1 Kf3 71. Na3 Kg3 72. Nb1 Kh3 73. Na3 Kg3 74. Nb1 Kf4 75. Na3 Kg3 1/2-1/2


[Site "https://www.chess.com"]

[Event "Titled Tuesday Blitz August 15 Late 2023"]
[White "Soderstrom, Adrian"]
[Black "Andreikin, Dmitry"]
[WhiteFideId "1745786"]
[BlackFideId "4158814"]
[WhiteElo "2624"]
[BlackElo "2999"]
[Result "0-1"]
[Round "9"]
[TimeControl "180+1"]
[Date "2023.08.15"]
[WhiteClock "0:00:17"]
[BlackClock "0:01:02"]
[Board "17"]

1. h4 d5 2. d4 c5 3. e4 e6 4. exd5 exd5 5. Nf3 Nc6 6. Bb5 Nf6 7. O-O Be7 8. dxc5 Bxc5 9. Re1+ Be6 10. Nd4 O-O 11. Bxc6 bxc6 12. Be3 Ng4 13. Nxe6 Nxe3 14. Nxd8 Nxd1 15. Rxd1 Rfxd8 16. Nd2 Rab8 17. Nb3 Bb6 18. c3 a5 19. Rd2 Re8 20. g3 Re4 21. Nd4 Rc8 22. Kg2 g6 23. Re2 f5 24. Rxe4 dxe4 25. Rd1 Rd8 26. Rd2 a4 27. b3 c5 28. bxa4 cxd4 29. cxd4 Rxd4 30. Rb2 Ba5 31. Rb7 Rxa4 32. Ra7 Rxa2 33. h5 Rxf2+ 34. Kh3 Bd2 35. hxg6 hxg6 36. g4 e3 37. Kh4 e2 0-1


[Site "https://www.chess.com"]

[Event "Titled Tuesday Blitz August 15 Late 2023"]
[White "Dourerassou, Jonathan"]
[Black "Paravyan, David"]
[WhiteFideId "628050"]
[BlackFideId "4194985"]
[WhiteElo "2686"]
[BlackElo "2948"]
[Result "1-0"]
[Round "9"]
[TimeControl "180+1"]
[Date "2023.08.15"]
[WhiteClock "0:01:20"]
[BlackClock "0:01:44"]
[Board "18"]

1. d4 d5 2. Nf3 Nf6 3. Bf4 e6 4. e3 Bd6 5. Bg3 O-O 6. Nbd2 b6 7. c3 Bb7 8. Bd3 c5 9. Ne5 Nc6 10. Qe2 Qc7 11. Ndf3 Ne4 12. O-O-O cxd4 13. exd4 Nb4 14. Kb1 Nxd3 15. Nxd3 Bxg3 16. hxg3 h6 17. Nfe5 Qxc3 18. Rxh6 Qxd4 19. Rh8+ Kxh8 20. Qh5+ Kg8 21. Rh1 Nd2+ 22. Ka1 1-0


[Site "https://www.chess.com"]

[Event "Titled Tuesday Blitz August 15 Late 2023"]
[White "Mekhitarian, Krikor Sevag"]
[Black "Rastbod, Ali"]
[WhiteFideId "2107660"]
[BlackFideId "12567477"]
[WhiteElo "2805"]
[BlackElo "2677"]
[Result "0-1"]
[Round "9"]
[TimeControl "180+1"]
[Date "2023.08.15"]
[WhiteClock "0:00:00"]
[BlackClock "0:00:04"]
[Board "19"]

1. Nf3 d5 2. c4 d4 3. b4 c5 4. Bb2 f6 5. g3 e5 6. Bg2 e4 7. Nh4 f5 8. e3 Nf6 9. Bh3 g6 10. O-O Bg7 11. exd4 cxd4 12. d3 O-O 13. Nd2 Nc6 14. a3 Ne5 15. Nb3 Nxd3 16. Bxd4 Be6 17. c5 Kh8 18. Bc3 Qd7 19. Nd4 Bc4 20. Nhxf5 gxf5 21. Nxf5 Be6 22. Nxg7 Kxg7 23. Bg2 Bf5 24. Qd2 Kg8 25. Rad1 Bg6 26. h3 Rad8 27. Qe3 Nd5 28. Qd4 Nxc3 29. Qxc3 Qg7 30. Qd2 Qe7 31. Qe3 Qf7 32. Rd2 Rfe8 33. Rfd1 Kg7 34. Kh2 Qf6 35. Re2 a6 36. Red2 h6 37. Rb1 Ne5 38. Rxd8 Rxd8 39. Kh1 Nf3 40. b5 axb5 41. a4 Qg5 42. Qc3+ Qe5 0-1


[Site "https://www.chess.com"]

[Event "Titled Tuesday Blitz August 15 Late 2023"]
[White "Veiga, Jose Francisco R P Neves"]
[Black "Hambleton, Aman"]
[WhiteFideId "1930087"]
[BlackFideId "2606577"]
[WhiteElo "2667"]
[BlackElo "2793"]
[Result "1/2-1/2"]
[Round "9"]
[TimeControl "180+1"]
[Date "2023.08.15"]
[WhiteClock "0:00:08"]
[BlackClock "0:00:02"]
[Board "20"]

1. c4 c5 2. Nc3 b6 3. g3 Bb7 4. e4 e6 5. Bg2 Nc6 6. Nge2 Nge7 7. O-O g6 8. d4 cxd4 9. Nxd4 a6 10. Bf4 Bg7 11. Nde2 Ne5 12. b3 Qc7 13. Rc1 d6 14. h3 O-O 15. Be3 Rfd8 16. Qd2 Nd7 17. Rfd1 Nf6 18. f3 Rac8 19. Na4 Qb8 20. Nxb6 Rc6 21. Na4 Ne8 22. Nd4 Rcc8 23. Nb6 Rc7 24. Qf2 h6 25. h4 Nf6 26. Ne2 Bc6 27. c5 dxc5 28. Rxd8+ Qxd8 29. Bxc5 Bxe4 30. fxe4 Ng4 31. Qf4 Rxc5 32. Rxc5 Qxb6 33. Qc7 Qb4 34. Rc1 Bd4+ 35. Kh1 Nf2+ 36. Kh2 Ng4+ 37. Kh1 Nf2+ 38. Kh2 h5 39. Nxd4 Ng4+ 40. Kh1 Qxd4 41. Qxe7 Nf2+ 42. Kg1 Ng4+ 43. Kh1 Nf2+ 44. Kh2 Ng4+ 45. Kh1 1/2-1/2


[Site "https://www.chess.com"]

[Event "Titled Tuesday Blitz August 15 Late 2023"]
[White "Tristan, Leonardo"]
[Black "Valenzuela Gomez, Fernando"]
[WhiteFideId "113816"]
[BlackFideId "3409392"]
[WhiteElo "2789"]
[BlackElo "2641"]
[Result "1-0"]
[Round "9"]
[TimeControl "180+1"]
[Date "2023.08.15"]
[WhiteClock "0:00:03"]
[BlackClock "0:00:00"]
[Board "21"]

1. d4 d5 2. Nf3 Nf6 3. Bf4 e6 4. e3 Bd6 5. Nbd2 Bxf4 6. exf4 Qd6 7. g3 b6 8. c3 O-O 9. h4 c5 10. h5 h6 11. dxc5 bxc5 12. Ne5 Ba6 13. Ndf3 Ne4 14. Bd3 Bxd3 15. Qxd3 Nd7 16. Kf1 Rab8 17. Rb1 Nxe5 18. Nxe5 c4 19. Qc2 f6 20. Ng6 Rf7 21. Kg2 Rfb7 22. b4 cxb3 23. Rxb3 Rxb3 24. axb3 Qb6 25. Ra1 Qb7 26. Kh2 f5 27. f3 Nf6 28. Qe2 Qxb3 29. Rxa7 Qb2 30. Qxb2 Rxb2+ 31. Kh3 Nxh5 32. Ra8+ Kf7 33. Ne5+ Ke7 34. Ra7+ Kd6 35. Rd7+ Kc5 36. Nd3+ Kc6 37. Rf7 Rd2 38. Ne5+ Kd6 39. g4 fxg4+ 40. fxg4 Nf6 41. Rxg7 Ne4 42. Rg6 Rc2 43. Nf7+ Ke7 44. Nxh6 Rxc3+ 45. Kh4 Rc1 46. Kh3 Rc3+ 47. Kg2 d4 48. Rg7+ Kd6 49. Nf7+ Kc5 50. Ne5 d3 51. Rd7 d2 52. Nf3 Rc1 53. Nxd2 Kc6 54. Rd4 Rc2 55. Rc4+ Rxc4 56. Nxc4 Kd5 57. Ne3+ Kd6 58. Kf3 Nf6 59. g5 Nd7 60. Kg4 Ke7 61. Nc4 Kf8 62. Ne5 Nc5 63. Kh5 Kg7 64. Nf3 Nd3 65. Kg4 Nf2+ 66. Kg3 Ne4+ 67. Kh4 Nf2 68. Nd4 Kf7 69. Kg3 Ne4+ 70. Kf3 Nd6 71. Kg4 Ne4 72. Kh5 Ng3+ 73. Kh6 Ne4 74. g6+ Kf6 75. g7 Kf7 76. Nxe6 Nf6 77. Ng5+ Kg8 78. Kg6 Ne8 79. Ne6 Nc7 80. Kf6 Ne8+ 81. Kg6 Nc7 82. Kf5 Nd5 83. Ke5 Ne7 84. Kf6 Nd5+ 85. Ke5 Ne7 86. f5 Kf7 87. f6 Ng6+ 88. Kf5 Nh4+ 89. Kg4 Ng6 90. Ng5+ Kg8 91. Kf5 Nh4+ 92. Ke6 Ng6 93. Kd7 Ne5+ 94. Ke8 1-0


[Site "https://www.chess.com"]